 Dungeon Crawl Stone Soup version 0.31-a0-239-g0a1456f148 (webtiles) character file.

Game seed: 8765563734452413753

351 qw the Skirmisher (level 6, -1/38 HPs)
             Began as a Gargoyle Hexslinger on July 11, 2023.
             Slain by a goblin
             ... wielding a +0 club
             ... led by Robin
              (4 damage)
             ... on level 3 of the Dungeon.
             The game lasted 00:00:47 (1640 turns).

qw the Skirmisher (Gargoyle Hexslinger)             Turns: 1640, Time: 00:00:48

Health: -1/38      AC: 10    Str: 14    XL:     6   Next: 61%
Magic:  7/7        EV: 12    Int: 10    God:
Gold:   70         SH:  0    Dex: 14    Spells: 6/7 levels left

rFire   + . .        h - +1 sling "Rovaabb Xent" {elec, rElec rPois Str+3 Int-4}
rCold   + . .        (no shield)
rNeg    + . .        c - +0 robe
rPois   inf          (no helmet)
rElec   +            j - scarf {rC+ rF+}
rCorr   .            (no gloves)
SInv    .            (no boots)
Will    .....        (no amulet)
Stlth   +            f - +4 ring of protection
HPRegen 0.26/turn    (no ring)
MPRegen 0.10/turn

%: no passive effects
@: no status effects
A: sickness immunity, AC +4, negative energy resistance 1, electricity
resistance, torment resistance 1, petrification resistance
a: no special abilities


You were on level 3 of the Dungeon.
You visited 1 branch of the dungeon, and saw 3 of its levels.

You collected 126 gold pieces.
You spent 56 gold pieces at shops.


Innate Abilities, Weirdness & Mutations

You are immune to sickness and miasma.
Your stone body is resilient. (AC +4)
You are immune to poison.
You resist negative energy. (rN+)
You are resistant to electric shocks. (rElec)
You are resistant to unholy torment.
You are immune to petrification.


   Skills:
 - Level 4.1 Fighting
 - Level 11.0 Ranged Weapons
 + Level 1.9 Dodging
 - Level 1.0 Spellcasting
 - Level 2.6 Hexes


You had 6 spell levels left.
You knew the following spells:

 Your Spells              Type           Power      Damage    Failure   Level
a - Slow                  Hex            20%        N/A       12%         1

Your spell library contained the following spells:

 Spells                   Type           Power      Damage    Failure   Level
 Inner Flame              Hex/Fire       3%         N/A       52%         3
 Portal Projectile        Hex/Tloc       6%         N/A       52%         3
 Cause Fear               Hex            2%         N/A       75%         4

Inventory:

Hand Weapons
 h - the +1 sling "Rovaabb Xent" (weapon) {elec, rElec rPois Str+3 Int-4}
   (You found it on level 3 of the Dungeon)

   Str:       It affects your strength (+3).
   Int:       It affects your intelligence (-4).
   rElec:     It insulates you from electricity.
   rPois:     It protects you from poison.
Armour
 c - a +0 robe (worn)
 e - a +0 ring mail
 j - a scarf of resistance (worn)
Jewellery
 f - a +4 ring of protection (left hand)
Scrolls
 d - a scroll of identify
Potions
 a - a potion of mutation
 b - a potion of degeneration {unknown}
 g - 2 potions of curing

Dungeon Overview and Level Annotations

Branches:
Dungeon (3/15)

Altars:

Shops:
D:1 (   D:2 ?

Annotations:
D:2 1 runed translucent door, Crazy Yiuf


Message History

The hobgoblin barely misses you. x2
You shoot a sling bullet. The sling bullet hits Robin.
Robin is lightly wounded.
The goblin no longer looks unusually strong.
The goblin hits you with a +0 club. The hobgoblin hits you. Robin misses you.
The hobgoblin closely misses you.
You shoot a sling bullet. The sling bullet hits Robin.
Robin is moderately wounded.
The hobgoblin no longer looks unusually strong.
The goblin hits you but does no damage.
The hobgoblin hits you but does no damage.
Robin roars a battlecry!
The goblins go into a battle-frenzy!
The hobgoblin hits you but does no damage.
You shoot a sling bullet. The sling bullet hits Robin!
Robin is severely wounded.
The goblin hits you but does no damage.
The hobgoblin hits you but does no damage.
Robin hits you but does no damage. The hobgoblin misses you.
You shoot a sling bullet. The sling bullet hits Robin!
You kill Robin!
The hobgoblin no longer looks unusually strong.
You shoot a sling bullet.
The sling bullet closely misses the hobgoblin.
The hobgoblin hits you. The goblin hits you with a +0 club.
The hobgoblin barely misses you.
You shoot a sling bullet. The sling bullet hits the hobgoblin.
You kill the hobgoblin!
The hobgoblin hits you but does no damage.
The goblin barely misses you.
You shoot a sling bullet. The sling bullet hits the hobgoblin.
The hobgoblin is heavily wounded.
The hobgoblin barely misses you. The goblin barely misses you.
You shoot a sling bullet. The sling bullet hits the hobgoblin.
The hobgoblin is severely wounded.
The hobgoblin closely misses you. The goblin closely misses you.
You shoot a sling bullet. The sling bullet hits the hobgoblin.
You kill the hobgoblin!
The goblin hits you with a +0 club.
You die...

#..)..#...#
#.....#...#
#.../.#...#
+##.....##'##
#............#
#............#
##########...#
......#g..#
..)...%@).#
......))..#
###########


You could see a goblin (strong).

Vanquished Creatures
  Grinder (D:3)
  Robin (D:3)
  2 adders
  2 worms (D:2)
  2 ball pythons (D:2)
  5 bats
  3 endoplasms
  A giant cockroach (D:2)
  15 goblins
  11 hobgoblins
  3 jackals
  4 quokkas
  3 frilled lizards
  4 kobolds
  3 rats
60 creatures vanquished.

Notes
Turn   | Place    | Note
-------+----------+-------------------------------------------
     0 | D:1      | qw the Gargoyle Hexslinger began the quest for the Orb.
     0 | D:1      | Reached XP level 1. HP: 12/12 MP: 2/2
     0 | D:1      | 0 ||| qw: Version: 0.3-a-52-g30416fa
     0 | D:1      | 0 ||| qw: Game counter: 5934
     0 | D:1      | 0 ||| qw: Melee chars always use a shield: true
     0 | D:1      | 0 ||| qw: God list: Okawaru
     0 | D:1      | 0 ||| qw: Allow faded altars: false
     0 | D:1      | 0 ||| qw: Do Orc after clearing Dungeon:15 true
     0 | D:1      | 0 ||| qw: Do second Lair branch before Depths: true
     0 | D:1      | 0 ||| qw: Lair rune preference: random
     0 | D:1      | 0 ||| qw: Goals: Normal
     0 | D:1      | 0 ||| PLANNING D:1-11
   152 | D:1      | 152 ||| FLEEEEING.
   153 | D:1      | 153 ||| FLEEEEING.
   154 | D:1      | 154 ||| FLEEEEING.
   155 | D:1      | 155 ||| FLEEEEING.
   160 | D:1      | Reached XP level 2. HP: 16/16 MP: 3/3
   402 | D:1      | Reached skill level 3 in Ranged Weapons
   444 | D:1      | Found Lehak's Antique Weapon Boutique.
   608 | D:1      | 608 ||| UPGRADING to scarf of resistance.
   613 | D:1      | 613 ||| DROPPING ring of magical power.
   614 | D:1      | 614 ||| UPGRADING to +4 ring of protection.
   615 | D:1      | 615 ||| READING scroll labelled LOSKOR YGIVURO.
   616 | D:1      | 616 ||| DRINKING 3 white potions.
   617 | D:1      | 617 ||| DRINKING 2 fuming amethyst potions.
   722 | D:1      | 722 ||| DROPPING scroll of poison.
   723 | D:1      | 723 ||| DROPPING potion of berserk rage.
   864 | D:2      | Reached XP level 3. HP: 21/21 MP: 4/4
   891 | D:2      | Found Xelobb's Magic Scroll Emporium.
   894 | D:2      | 894 ||| SHOPLISTING 2 scrolls of teleportation (84 gold,
                  | have 63).
   894 | D:2      | 894 ||| SHOPLISTING scroll of acquirement (728 gold, have
                  | 63).
   894 | D:2      | 894 ||| BUYING scroll of identify (28 gold).
   894 | D:2      | Bought a scroll of identify for 28 gold pieces
   894 | D:2      | 894 ||| BUYING scroll of identify (28 gold).
   894 | D:2      | Bought a scroll of identify for 28 gold pieces
   894 | D:2      | 894 ||| SHOPLISTING scroll of teleportation (42 gold, have
                  | 7).
  1094 | D:2      | Found a faded altar of an unknown god.
  1267 | D:2      | Found a runed translucent door.
  1268 | D:2      | Noticed Crazy Yiuf
  1399 | D:2      | 1399 ||| READING scroll labelled ROMUUCAC SOETU.
  1400 | D:2      | 1400 ||| READING scroll labelled YLUCICA NOUNA.
  1401 | D:2      | 1401 ||| READING 3 scrolls of identify.
  1401 | D:2      | 1401 ||| IDENTIFYING sedimented sapphire potion
  1402 | D:2      | 1402 ||| READING 2 scrolls of identify.
  1402 | D:2      | 1402 ||| IDENTIFYING clear potion
  1403 | D:2      | 1403 ||| DRINKING potion of experience.
  1403 | D:2      | Reached skill level 11 in Ranged Weapons
  1403 | D:2      | Reached XP level 4. HP: 26/26 MP: 5/5
  1440 | D:3      | Noticed Grinder
  1441 | D:3      | Paralysed by Grinder for 5 turns
  1453 | D:3      | Paralysed by Grinder for 5 turns
  1464 | D:3      | Killed Grinder
  1465 | D:3      | Reached XP level 5. HP: 32/33 MP: 6/6
  1465 | D:3      | Reached XP level 6. HP: 37/38 MP: 7/7
  1537 | D:3      | Identified the +1 sling "Rovaabb Xent" {elec, rElec rPois
                  | Str+3 Int-4}
  1540 | D:3      | 1540 ||| SWAPPING to +1 sling "Rovaabb Xent" {elec, rElec
                  | rPois Str+3 Int-4}.
  1541 | D:3      | 1541 ||| DROPPING +1 sling.
  1609 | D:3      | Noticed Robin
  1635 | D:3      | Killed Robin
  1636 | D:3      | HP: 7/38 [hobgoblin[Robin] (5)]
  1636 | D:3      | HP: 2/38 [goblin/+0 club[Robin] (5)]
  1640 | D:3      | Slain by a goblin

Levels and vault maps discovered:
D:1:      sevenhm_arrival_forest_fort_small_5, layout_loops_ring, serial_shops,
          nicolae_shop_overgrown_old_shop
D:2:      layout_basic, hellmonk_ecumenical_altar_inner_sanctum, serial_shops,
          nicolae_shop_real_fake_doors, uniq_crazy_yiuf_cottage
D:3:      kennysheep_goblin_castle, layout_rooms, tso_oasis_becter,
          minmay_fractal_squares_5, uniq_grinder

Skill      XL: |  1  2  3  4 |
---------------+-------------+-----
Ranged Weapons | 3 11 | 11.0
Fighting       | 2 4 |  4.1
Dodging        | |  1.9
Spellcasting   | |  1.0
Hexes          | |  2.6

Action                     |  1- 3 |  4- 6 || total
---------------------------+-------+-------++-------
   Fire: Sling             |   125 |    71 ||   196
    Use: Potion            |     3 |       ||     3
         Scroll            |     5 |       ||     5
 Armour: Robe              |    20 |    31 ||    51
  Dodge: Dodged            |    37 |    40 ||    77

Table legend:
 A = Non-vault XP
 B = Vault XP
 C = Vault XP percentage of total XP
 D = Non-vault monster count
 E = Vault monster count
 F = Vault count percentage of total count
                 A         B        C        D         E       F
            +---------+---------+-------+---------+---------+-------
      Total |      84 |     342 |  80.3 |      39 |      21 |  35.0
            +---------+---------+-------+---------+---------+-------
        D:1 |      23 |       0 |   0.0 |      14 |       0 |   0.0
        D:2 |      53 |       0 |   0.0 |      21 |       0 |   0.0
        D:3 |       8 |     342 |  97.7 |       4 |      21 |  84.0
            +---------+---------+-------+---------+---------+-------
